 Dungeon Crawl Stone Soup version 0.31-a0-222-gefeffbb62a (webtiles) character file.

Game seed: 17065000951699554047

8936 gruber the Nimble (level 11, -10/102 HPs)
             Began as a Minotaur Fighter on July 5, 2023.
             Was an Elder of Okawaru.
             Mangled by Snorg (16 damage)
             ... on level 10 of the Dungeon.
             The game lasted 00:09:56 (8781 turns).

gruber the Nimble (Minotaur Fighter)                Turns: 8781, Time: 00:09:57

Health: -10/102    AC: 17    Str: 23 (25) XL:     11   Next: 16%
Magic:  3/10       EV: 22    Int:  3 (5)  God:    Okawaru [****..]
Gold:   617        SH:  6    Dex: 11 (12) Spells: 10/10 levels left

rFire   . . .        p - +2 long sword (vamp)
rCold   . . .        c - +0 buckler
rNeg    . . .        L - +5 ring mail of Free Will {rElec Str+2}
rPois   .            (helmet restricted)
rElec   +            G - +1 cloak
rCorr   .            (no gloves)
SInv    .            k - +0 pair of boots
Will    .....        (no amulet)
Stlth   ++           x - +5 ring of evasion
HPRegen 0.37/turn    z - ring of wizardry
MPRegen 0.12/turn

%: wizardry (x1)
@: heroic, attractive
A: horns 2, retaliatory headbutt
a: Renounce Religion, Heroism, Finesse


You were on level 10 of the Dungeon.
You worshipped Okawaru.
Okawaru was greatly pleased with you.
You visited 2 branches of the dungeon, and saw 11 of its levels.

You collected 617 gold pieces.

Inventory:

Hand Weapons
 p - a +2 vampiric long sword (weapon)
 A - a +2 scimitar of flaming
 H - a +5 long sword
Missiles
 r - 2 throwing nets
 s - 28 poisoned darts
 v - 5 silver javelins
 J - 2 atropa-tipped darts
Armour
 c - a +0 buckler (worn)
 k - a +0 pair of boots (worn)
 G - a +1 cloak (worn)
 L - the +5 ring mail of Free Will (worn) {rElec Str+2}
   (You found it on level 8 of the Dungeon)

   Str:       It affects your strength (+2).
   rElec:     It insulates you from electricity.
Jewellery
 x - a +5 ring of evasion (left hand)
 z - a ring of wizardry (right hand)
Wands
 w - a wand of flame (18)
 D - a wand of paralysis (5)
 F - a wand of digging (5)
Scrolls
 b - a scroll of amnesia {unknown}
 f - 9 scrolls of identify {unknown}
 h - 5 scrolls of teleportation {unknown}
 l - a scroll of brand weapon {unknown}
 m - a scroll of enchant weapon {unknown}
 o - 2 scrolls of fear {unknown}
 q - a scroll of fog {unknown}
 t - 2 scrolls of torment {unknown}
 u - 2 scrolls of revelation {unknown}
 y - 2 scrolls of poison {unknown}
 E - 2 scrolls of noise {unknown}
 K - a scroll of immolation {unknown}
 M - a scroll of silence {unknown}
Potions
 a - a potion of haste {unknown}
 d - a potion of might
 e - 4 potions of curing
 g - a potion of invisibility {unknown}
 i - a potion of attraction
 j - a potion of degeneration
 n - a potion of experience {unknown}
 B - a potion of heal wounds {unknown}
 C - a potion of cancellation {unknown}
 I - a potion of mutation {unknown}
 N - a potion of enlightenment {unknown}
 O - a potion of lignification {unknown}


   Skills:
 - Level 11.0(16.0) Fighting
 - Level 7.0(12.0) Long Blades
 - Level 5.5(10.5) Polearms
 * Level 10.7(15.7) Armour
 - Level 11.2(16.2) Dodging
 - Level 3.6(8.6) Shields


You had 10 spell levels left.
You didn't know any spells.
Your spell library contained the following spells:

 Spells                   Type           Power      Damage    Failure   Level
 Stone Arrow              Conj/Erth      0%         3d7       71%         3
 Vhi's Electric Charge    Tloc/Air       0%         N/A       71%         3
 Arcjolt                  Conj/Air       0%         1d10      100%        5
 Blade Hands              Tmut           0%         N/A       100%        5
 Lehudib's Crystal Spear  Conj/Erth      0%         10d2      100%        8
 Maxwell's Capacitive Co  Air            0%         ∞         100%        8
 Summon Small Mammal      Summ           Unusable   N/A       N/A         1
 Call Canine Familiar     Summ           Unusable   N/A       N/A         3
 Summon Guardian Golem    Hex/Summ       Unusable   N/A       N/A         3
 Animate Armour           Summ/Erth      Unusable   N/A       N/A         4
 Summon Lightning Spire   Summ/Air       Unusable   N/A       N/A         4

Dungeon Overview and Level Annotations

Branches:
Dungeon (10/15)            Temple (1/1) D:4            Lair (0/5) D:8
    Orc: D:9-12

Altars:
Ashenzari
Cheibriados
Dithmenos
Elyvilon
Fedhas
Gozag
Hepliaklqana
Kikubaaqudgha
Makhleb
Nemelex Xobeh
Okawaru
Qazlal
Ru
Sif Muna
Trog
Uskayaw
Vehumet
Wu Jian
Xom
Yredelemnul
Zin
The Shining One

Annotations:
D:4 2 runed translucent doors, Takeo's ghost, amateur DECj
D:7 1 runed translucent door, caveywoolpert's ghost, novice GrEE
D:10 Snorg


Innate Abilities, Weirdness & Mutations

You have a pair of horns on your head.
You reflexively headbutt those who attack you in melee.


Message History

* * * LOW HITPOINT WARNING * * *
Snorg misses you. Snorg claws you but does no damage.
You hit Snorg.
You feel better.
Snorg is severely wounded.
Snorg completely misses you. Snorg closely misses you.
Snorg completely misses you.
You hit Snorg.
You feel better.
Snorg is severely wounded.
Snorg bites you but does no damage. Snorg misses you. Snorg closely misses you.
You barely miss Snorg.
Snorg is severely wounded.
You block Snorg's attack. Snorg barely misses you. Snorg closely misses you.
Snorg bites you!
* * * LOW HITPOINT WARNING * * *
Snorg misses you. x2
You barely miss Snorg. Your headbutt misses Snorg.
Snorg is severely wounded.
Snorg completely misses you. Snorg claws you but does no damage. x2
You hit Snorg.
You feel better.
Snorg is severely wounded.
Snorg completely misses you. You furiously retaliate!
You headbutt Snorg! Snorg barely misses you. Snorg claws you.
* * * LOW HITPOINT WARNING * * *
It was a potion of curing.
You feel better. Snorg barely misses you. You furiously retaliate!
You headbutt Snorg. Snorg misses you. Snorg claws you!
* * * LOW HITPOINT WARNING * * *
Snorg bites you.
* * * LOW HITPOINT WARNING * * *
Snorg misses you. You block Snorg's attack.
It was a potion of attraction.
You feel attractive to monsters. Snorg bites you.
* * * LOW HITPOINT WARNING * * *
Snorg closely misses you. You block Snorg's attack.
It was a potion of degeneration.
There was something very wrong with that liquid.
You feel weakened.
You feel dopey.
You feel clumsy. Snorg misses you. You furiously retaliate!
You headbutt Snorg! Snorg barely misses you. Snorg misses you. Snorg bites you!
You die...

.......# #.......#
.......# #.......#
.......# #.......#
.......# #.......#
.......# #.......#
.......#####.......#
...................#
...................#
..........######@..#
..........# #T..#
..........# #...#
..........# #...#
..........######...#
..................##
..................#
...########......##
...# #......#


You could see Snorg (berserk).

Vanquished Creatures
  2 two-headed ogres (D:8)
  Pikel (D:8)
  Maggie (D:6)
  Grinder (D:3)
  3 hornets
  Eustachio (D:5)
  11 yaks (D:9)
  A wyvern (D:6)
  4 steam dragons
  Grum (D:7)
  An acid dragon (D:10)
  3 wargs (D:8)
  2 water moccasins (D:6)
  2 sky beasts (D:7)
  2 ice beasts
  An orc warrior (D:7)
  A black bear (D:5)
  2 wolves (D:8)
  2 ogres (D:5)
  2 centaurs
  A phantom (D:6)
  2 kobold brigands
  6 bullfrogs
  3 scorpions
  5 wights (D:8)
  5 killer bees (D:8)
  An iron imp (D:6)
  4 jellies
  3 hounds
  3 orc priests
  2 gnoll boudas
  Crazy Yiuf (D:7)
  3 orc wizards
  9 adders
  13 gnolls
  A shadow imp (D:6)
  3 ufetubi
  A worm (D:4)
  5 dart slugs
  19 orcs
  5 endoplasms
  4 giant cockroaches
  6 goblins
  11 hobgoblins
  4 jackals (D:4)
  3 quokkas (D:1)
  6 ball pythons
  5 bats
  3 frilled lizards
  16 kobolds
  3 rats
200 creatures vanquished.

Notes
Turn   | Place    | Note
-------+----------+-------------------------------------------
     0 | D:1      | gruber the Minotaur Fighter began the quest for the Orb.
     0 | D:1      | Reached XP level 1. HP: 19/19 MP: 0/0
   182 | D:1      | Found a faded altar of an unknown god.
   223 | D:1      | Reached XP level 2. HP: 26/26 MP: 1/1
   898 | D:2      | Reached XP level 3. HP: 28/31 MP: 2/2
  1289 | D:2      | Reached skill level 5 in Polearms
  1423 | D:3      | Reached XP level 4. HP: 39/39 MP: 3/3
  1539 | D:3      | Reached skill level 1 in Long Blades
  1684 | D:3      | Noticed Grinder
  1703 | D:3      | Killed Grinder
  1704 | D:3      | Reached skill level 5 in Long Blades
  1704 | D:3      | Reached XP level 5. HP: 8/45 MP: 4/4
  1704 | D:3      | Reached XP level 6. HP: 10/51 MP: 5/5
  2110 | D:3      | Found a sparkling altar of Nemelex Xobeh.
  2115 | D:3      | Found a sacrificial altar of Ru.
  2400 | D:4      | Found a staircase to the Ecumenical Temple.
  2413 | Temple   | Entered the Ecumenical Temple
  2413 | Temple   | Found a transporter.
  2413 | Temple   | Found a transporter.
  2528 | Temple   | Found a transporter.
  2528 | Temple   | Found a transporter.
  2555 | Temple   | Became a worshipper of Warmaster Okawaru
  2637 | D:4      | Found a runed translucent door.
  2638 | D:4      | Noticed Takeo's ghost (amateur DECj)
  2731 | D:4      | Reached XP level 7. HP: 56/58 MP: 6/6
  2779 | D:4      | Found a runed translucent door.
  2990 | D:5      | Entered Level 5 of the Dungeon
  3220 | D:5      | Reached skill level 5 in Fighting
  3837 | D:5      | Noticed Eustachio
  3846 | D:5      | Killed Eustachio
  3846 | D:5      | Reached * piety under Okawaru
  3847 | D:5      | Reached skill level 5 in Armour
  3849 | D:5      | Reached XP level 8. HP: 70/70 MP: 7/7
  4008 | D:6      | Noticed Maggie
  4039 | D:6      | Killed Maggie
  4231 | D:6      | Reached ** piety under Okawaru
  4361 | D:6      | Reached skill level 10 in Armour
  4528 | D:6      | Reached skill level 1 in Dodging
  4752 | D:6      | Reached XP level 9. HP: 26/75 MP: 5/8
  4929 | D:6      | Found a snail-covered altar of Cheibriados.
  5100 | D:7      | Found a blossoming altar of Fedhas.
  5418 | D:7      | Reached skill level 5 in Dodging
  5483 | D:7      | Found a runed translucent door.
  5483 | D:7      | Noticed caveywoolpert's ghost (novice GrEE)
  5856 | D:7      | Found a runed translucent door.
  5857 | D:7      | Noticed Crazy Yiuf
  5866 | D:7      | Killed Crazy Yiuf
  6019 | D:8      | Noticed Grum
  6152 | D:7      | Killed Grum
  6152 | D:7      | Reached *** piety under Okawaru
  6252 | D:8      | Noticed a two-headed ogre
  6256 | D:8      | Noticed a two-headed ogre
  6260 | D:8      | Killed a two-headed ogre
  6261 | D:8      | Reached XP level 10. HP: 67/83 MP: 6/9
  6263 | D:8      | Reached skill level 10 in Dodging
  6275 | D:8      | Killed a two-headed ogre
  6275 | D:8      | Reached **** piety under Okawaru
  6446 | D:8      | Found a staircase to the Lair.
  6475 | D:8      | Noticed Pikel
  6498 | D:8      | Killed Pikel
  6530 | D:8      | Identified the +1 ring mail of Nasuc {-Tele Regen+ Int+3}
  6802 | D:8      | Received a gift from Okawaru
  6881 | D:8      | Found a glowing silver altar of Zin.
  7177 | D:8      | Identified the +5 ring mail of Free Will {rElec Str+2}
  7280 | D:9      | Found a stormy altar of Qazlal.
  7443 | D:9      | Reached skill level 10 in Fighting
  7513 | D:9      | Found a shimmering altar of Xom.
  7572 | D:9      | Reached ***** piety under Okawaru
  7581 | D:9      | Reached XP level 11. HP: 101/101 MP: 10/10
  7899 | D:9      | Found a broken altar of Ashenzari.
  8154 | D:10     | Entered Level 10 of the Dungeon
  8269 | D:10     | Identified the +1 buckler of Cuddoeva {rC- rN+ Int+5}
  8432 | D:10     | Found a shadowy altar of Dithmenos.
  8738 | D:10     | Noticed Snorg
  8780 | D:10     | HP: 5/102 [Snorg (4)]
  8781 | D:10     | Mangled by Snorg

Illustrated notes

Levels and vault maps discovered:
D:1:      sevenhm_arrival_forest_fort_small_3, layout_basic,
          hellmonk_ecumenical_altar_arch_garden
D:2:      layout_loops_cross, serial_forest, infiniplex_forest_join,
          infiniplex_forest_lined_corner, infiniplex_forest_straight_2,
          infiniplex_forest_clump_C, infiniplex_forest_fountain,
          infiniplex_forest_fountain
D:3:      layout_rooms, minitemple, minmay_starry_boxes, uniq_grinder
D:4:      layout_rooms, minmay_temple_entry_grid, ebering_ghost_sewer_f
D:5:      layout_gridville, serial_bayou_lake_a, uniq_eustachio
D:6:      layout_loops_ring, chei_slow_surprise, uniq_maggie
D:7:      layout_loops_ring, fedhas_bush_and_centaur_altar,
          hellmonk_ghost_happy_afterlife, kennysheep_nondescript,
          uniq_crazy_yiuf_cottage
D:8:      layout_loops_cross, lemuel_round_altar, erik_lair_orcish_takeover,
          uniq_pikel, uniq_grum
D:9:      layout_basic, mainiacjoe_overflow_chevrons, grunt_qazlal_sundering,
          lemuel_crystal_altar
D:10:     layout_irregular_city, kennysheep_mini_moat, uniq_snorg, uniq_joseph
Temple:   hellmonk_temple_divided_pantheon

Skill      XL: |  1  2  3  4  5  6  7  8  9 10 11 |
---------------+----------------------------------+-----
Polearms       | 3 4 5 |  5.5
Long Blades    | 5 7 |  7.0
Fighting       | 6 10 11 | 11.0
Armour         | 5 10 | 10.7
Dodging        | 2 9 11 | 11.2
Shields        | |  3.6

Action                     |  1- 3 |  4- 6 |  7- 9 | 10-12 || total
---------------------------+-------+-------+-------+-------++-------
  Melee: Trident           |    76 |     7 |       |       ||    83
         Headbutt          |     7 |    19 |    58 |    64 ||   148
         Long sword        |       |   106 |   249 |   272 ||   627
 Invoke: Heroism           |       |       |     6 |     4 ||    10
         Finesse           |       |       |       |     1 ||     1
    Use: Potion            |       |     1 |       |     3 ||     4
 Armour: Scale mail        |    22 |    55 |    79 |    27 ||   183
         Ring mail         |       |       |       |    53 ||    53
  Dodge: Dodged            |    18 |    64 |   181 |   277 ||   540
  Block: Buckler           |     9 |    28 |    69 |    68 ||   174

Table legend: (Time is in decaauts)
 A = Elapsed time spent in this place.
 B = Non-inter-level travel time spent in this place.
 C = Inter-level travel time spent in this place.
 D = Time resting spent in this place.
 E = Time spent auto-exploring this place.
 F = Levels seen in this place.
 G = Mean time per level.
                   A        B        C        D        E       F      G
               +--------+--------+--------+--------+--------+-----+--------+
         Total |   8858 |   8591 |    267 |    347 |   6688 |  11 |  805.3 |
       Dungeon |   8704 |   8445 |    259 |    347 |   6572 |  10 |  870.4 |
        Temple |    154 |    147 |      7 |      0 |    116 |   1 |  154.0 |
               +--------+--------+--------+--------+--------+-----+--------+

Top non-repeatable levels by time:
     D:8: 1197 daAuts
     D:7: 1100 daAuts
     D:5: 1022 daAuts
     D:6: 1002 daAuts
     D:9: 894 daAuts
     D:3: 824 daAuts
     D:1: 783 daAuts
     D:4: 645 daAuts
    D:10: 618 daAuts
     D:2: 614 daAuts
  Temple: 154 daAuts
